 Dungeon Crawl Stone Soup version 0.22-a0-300-g82e80c5 (webtiles) character file.

110 MatthieuS the Sneak (level 5, 0/39 HPs)
             Began as a Human Assassin on Mar 25, 2018.
             Was an Initiate of Nemelex Xobeh.
             Slain by an ogre
             ... wielding a +0 giant club
              (19 damage)
             ... on level 3 of the Dungeon.
             The game lasted 00:08:18 (3762 turns).

MatthieuS the Sneak (Human Assassin)                Turns: 3762, Time: 00:08:19

Health: 0/39       AC:  7    Str: 12    XL:     5   Next: 14%
Magic:  5/5        EV: 10    Int: 12    God:    Nemelex Xobeh [......]
Gold:   119        SH:  4    Dex: 14    Spells: 4/4 levels left

rFire    . . .     SeeInvis .   w - +0 blowgun
rCold    . . .     Gourm    .   r - +0 buckler
rNeg     . . .     Faith    .   o - +0 ring mail
rPois    +         Spirit   .   A - +0 helmet
rElec    .         Reflect  .   d - +0 cloak
rCorr    .         Harm     .   (no gloves)
MR       .....                  (no boots)
Stlth    ++........             (no amulet)
HPRegen  0.13/turn              i - ring of poison resistance
MPRegen  0.09/turn              (no ring)

@: no status effects
A: no striking features
a: Renounce Religion


You were on level 3 of the Dungeon.
You worshipped Nemelex Xobeh.
Nemelex Xobeh was noncommittal.
You were not hungry.

You visited 1 branch of the dungeon, and saw 4 of its levels.

You collected 119 gold pieces.

Inventory:

Hand Weapons
 a - a +2 dagger
 w - a +0 blowgun (weapon)
Missiles
 f - 2 curare-tipped needles {!f}
 g - 2 poisoned needles (quivered)
 m - 20 arrows
Armour
 c - a +0 robe
 d - a +0 cloak (worn)
 o - a +0 ring mail (worn)
   (You found it on level 1 of the Dungeon)
 r - a +0 buckler (worn)
   (You found it on level 2 of the Dungeon)
 A - a +0 helmet (worn)
   (You found it on level 4 of the Dungeon)
Jewellery
 i - a ring of poison resistance (left hand)
   (You found it on level 2 of the Dungeon)
Scrolls
 b - a scroll of enchant armour {unknown}
 h - a scroll of fog {unknown}
 k - 4 scrolls of identify {unknown}
 p - a scroll of immolation {unknown}
 q - 4 scrolls of remove curse {unknown}
 u - a scroll of teleportation {unknown}
Potions
 j - 2 potions of mutation {unknown}
 n - 2 potions of magic {unknown}
 s - 3 potions of degeneration {unknown}
 t - a potion of haste {unknown}
 v - a potion of lignification {unknown}
 x - a potion of heal wounds {unknown}
 z - a potion of agility {unknown}
Comestibles
 e - 4 rations


   Skills:
 + Level 2.7 Fighting
 - Level 2.0 Short Blades
 - Level 2.0 Throwing
 + Level 1.4 Armour
 + Level 1.9 Dodging
 - Level 4.0 Stealth
 + Level 0.8 Shields
 * Level 2.4 Unarmed Combat
 + Level 0.8 Invocations


You had 4 spell levels left.
You didn't know any spells.

Dungeon Overview and Level Annotations

Branches:
Dungeon (4/15)
 Temple: D:4-7

Altars:
Nemelex Xobeh
Okawaru
Yredelemnul

Annotations:
D:3 b5mith's ghost, amateur HuBe


Message History

There is a stone staircase leading down here.
There is a stone staircase leading up here.
You climb upwards.
Level annotation: b5mith's ghost, amateur HuBe
There is a stone staircase leading down here.
You start resting.
You climb downwards.
There is a stone staircase leading up here.
You hit the ogre but do no damage. The ogre hits you with a giant club!!
Ouch! That really hurt!
* * * LOW HITPOINT WARNING * * *
Wield which item (- for none, * to show all)? (? for menu, Esc to quit)
w - a +0 blowgun (weapon)
Firing (i - inventory. (/) - cycle)
g - 7 poisoned needles (quivered)
Aim: an ogre, wielding a giant club You shoot a poisoned needle.
The poisoned needle hits the ogre.
The ogre is poisoned.
There is a stone staircase leading up here.
The ogre barely misses you.
You climb upwards.
Level annotation: b5mith's ghost, amateur HuBe
There is a stone staircase leading down here.
B5mith's ghost turns its malevolent gaze towards you.
You block b5mith's ghost's attack.
The ogre looks more healthy.
Firing (i - inventory. (/) - cycle)
g - 6 poisoned needles (quivered)
Aim: an ogre, wielding a giant club (lightly wounded)
You shoot a poisoned needle. The poisoned needle hits the ogre.
The ogre is poisoned.
The ogre closely misses you.
Firing (i - inventory. (/) - cycle)
g - 5 poisoned needles (quivered)
Aim: an ogre, wielding a giant club (moderately wounded, poisoned)
You shoot a poisoned needle. The poisoned needle hits the ogre.
The ogre looks even sicker.
The ogre hits you with a giant club!
* * * LOW HITPOINT WARNING * * *
Firing (i - inventory. (/) - cycle)
g - 4 poisoned needles (quivered)
Aim: an ogre, wielding a giant club (moderately wounded, poisoned)
You shoot a poisoned needle. The poisoned needle hits the ogre.
The ogre looks even sicker.
You see here 24 sling bullets.
B5mith's ghost shouts, "They lied to you.
The Dungeon just goes down and down forever."
The ogre looks more healthy.
B5mith's ghost turns its malevolent gaze towards you.
Okay, then.
You feel better.
Firing (i - inventory. (/) - cycle)
g - 3 poisoned needles (quivered)
Aim: an ogre, wielding a giant club (severely wounded)
You shoot a poisoned needle. The poisoned needle hits the ogre.
The ogre is poisoned.
The ogre hits you with a giant club!!
You die...
Your body disappears without a glow.

...># #.##..........# #.# ....#
#.##.########## #.# ...## #.##.#
#.# #.## #>##.# #.##### #.#
##.##.# #...... #W## ##...#.#
####### .#(####.#.#..#
###.##.#..##.##############
####......##.##.@.W.......#
.##.##.#..##.##O#########.#
...(.##...#..##.#########.####
.......#...#.................#
#...##.#..##..#.#.......#.##.####
.....#.........<..##....).##.....
.._.....#.##..#.#.##.P.P..#......
.....#(.#.##..#.#.##.._.....#####
#...##........#.#.##.P.P..###


You could see an ogre and b5mith's ghost.

Vanquished Creatures
  A worker ant (D:4)
  2 adders
  An ooze (D:2)
  A worm (D:4)
  2 dart slugs (D:1)
  3 leopard geckos
  4 orcs (D:3)
  5 bats
  3 giant cockroaches (D:2)
  4 goblins
  4 hobgoblins
  A quokka (D:2)
  4 frilled lizards
  6 kobolds
  4 rats
45 creatures vanquished.

Vanquished Creatures (collateral kills)
  2 worms (D:3)
  A bat (D:3)
3 creatures vanquished.

Vanquished Creatures (others)
  A ball lightning (D:4)
1 creature vanquished.

Grand Total: 49 creatures vanquished

Notes
Turn   | Place    | Note
-------+----------+-------------------------------------------
     0 | D:1      | MatthieuS the Human Assassin began the quest for the Orb.
     0 | D:1      | Reached XP level 1. HP: 16/16 MP: 1/1
   553 | D:1      | Reached XP level 2. HP: 22/22 MP: 2/2
   623 | D:1      | Reached skill level 1 in Unarmed Combat
  1068 | D:2      | Reached XP level 3. HP: 24/27 MP: 3/3
  1320 | D:2      | Found a faded altar of an unknown god.
  1349 | D:2      | Reached skill level 1 in Armour
  1860 | D:2      | Found a sparkling altar of Nemelex Xobeh.
  1880 | D:2      | Became a worshipper of Nemelex Xobeh the Trickster
  2156 | D:3      | Reached XP level 4. HP: 30/34 MP: 4/4
  2174 | D:3      | Received a gift from Nemelex Xobeh
  2314 | D:3      | Found a basalt altar of Yredelemnul.
  2327 | D:3      | Noticed b5mith's ghost (amateur HuBe)
  3002 | D:3      | Found an iron altar of Okawaru.
  3446 | D:4      | Noticed a phantom
  3456 | D:4      | Reached XP level 5. HP: 30/39 MP: 5/5
  3491 | D:4      | Noticed an ogre
  3762 | D:3      | Slain by an ogre

Vault maps used:
D:1:      evilmike_arrival_fibonacci_small, serial_forest,
          infiniplex_forest_clump_cross, infiniplex_forest_straight_3,
          infiniplex_forest_lined_2, infiniplex_forest_lined_2,
          infiniplex_forest_lined_room_2, nrook_mini_vaults, minivault_24,
          minivault_14
D:2:      old_standard_altar, chequers_ecumenical_altar_grove,
          serial_bayou_pond_c, minmay_misc_feat_rows
D:3:      yredelemnul_altar_generic, first_ration, okawaru_gym_becter
D:4:      lemuel_coloured_pillars_altar, old_standard_altar

Skill      XL: |  1  2  3  4 |
---------------+-------------+-----
Unarmed Combat | 1 2 |  2.4
Armour         | 1 |  1.4
Fighting       | |  2.7
Short Blades   | |  2.0
Throwing       | |  2.0
Dodging        | |  1.9
Stealth        | |  4.0
Shields        | |  0.8
Invocations    | |  0.8

Action                   |  1- 3 |  4- 6 || total
-------------------------+-------+-------++-------
Melee: Unarmed           |   177 |   103 ||   280
       Punch             |     2 |       ||     2
 Fire: Blowgun           |     4 |    15 ||    19
Evoke: Deck              |       |    10 ||    10
  Use: Potion            |     1 |     1 ||     2
 Stab: Sleeping          |    10 |     1 ||    11
  Eat: Chunk             |     2 |     1 ||     3
       Ration            |     1 |     1 ||     2
Armor: Robe              |    17 |       ||    17
       Ring mail         |    49 |    26 ||    75
Dodge: Dodged            |   116 |    36 ||   152
Block: Buckler           |     4 |     9 ||    13

Table legend:
 A = Spawn XP
 B = Non-spawn XP
 C = Spawn XP percentage of total XP
 D = Spawn monster count
 E = Non-spawn monster count
 F = Spawn count percentage of total count
 G = Total turns spent on level
                    A         B        C        D         E        F      G
               +---------+---------+-------+---------+---------+-------+---------
         Total |       0 |     158 |   0.0 |       0 |      48 |   0.0 |  3762
               +---------+---------+-------+---------+---------+-------+---------
           D:1 |       0 |      25 |   0.0 |       0 |      12 |   0.0 |  1058
           D:2 |       0 |      36 |   0.0 |       0 |      13 |   0.0 |  1272
           D:3 |       0 |      59 |   0.0 |       0 |      21 |   0.0 |  1291
           D:4 |       0 |      38 |   0.0 |       0 |       2 |   0.0 |   141
               +---------+---------+-------+---------+---------+-------+---------
